 Dungeon Crawl Stone Soup version 0.30-a0-465-g8901f6c8b5 (webtiles) character file.

Game seed: 16485084479556037356

121 Zonian the Magician (level 5, -3/35 HPs)
             Began as a Djinni Ice Elementalist on Dec 18, 2022.
             Killed by divine providence
             ... invoked by an orc priest
              (15 damage)
             ... on level 3 of the Dungeon.
             The game lasted 00:03:38 (2386 turns).

Zonian the Magician (Djinni Ice Elementalist)       Turns: 2386, Time: 00:03:39

Health: -3/35      AC:  2    Str:  7    XL:     5   Next: 26%
Gold:   107        EV: 14    Int: 18    God:
                   SH:  0    Dex: 20

rFire   + . .      SeeInvis .    l - +3 short sword "Ogreslayer" {drain, Contam Fly rPois}
rCold   . . .      Faith    .    (no shield)
rNeg    . . .      Spirit   .    a - +0 robe
rPois   ∞          Reflect  .    (no helmet)
rElec   .          Harm     .    (no cloak)
rCorr   .          Rampage  .    (no gloves)
Will    .....                    (boots unavailable)
Stlth   +++.......               (no amulet)
HPRegen 0.25/turn                g - +6 ring of dexterity
MPRegen 0.00/turn                i - ring of ice

@: freezing walls, flying
A: sickness immunity, fire resistance 2, cold vulnerability 1, float, innate
caster, HP casting, extra vitality 1
a: no special abilities


You were on level 3 of the Dungeon.
You visited 1 branch of the dungeon, and saw 3 of its levels.

You collected 107 gold pieces.

Inventory:

Hand Weapons
 c - a +0 short sword
 f - a +1 dagger of protection
 h - a +0 vorpal sling
 l - the +3 short sword "Ogreslayer" (weapon) {drain, Contam Fly rPois}
   (You found it on level 2 of the Dungeon)

   A truly terrible weapon, it drains the life of any living foe it strikes.
   rPois:     It protects you from poison.
   Fly:       It grants you flight.
   Contam:    It causes magical contamination when unequipped.
Armour
 a - a +0 robe (worn)
Jewellery
 g - a +6 ring of dexterity (left hand)
 i - a ring of ice (right hand)
Scrolls
 d - a scroll of magic mapping {unknown}
 j - a scroll of enchant armour
Potions
 b - 3 potions of heal wounds
 e - a potion of haste
 k - a potion of mutation
 m - a potion of brilliance {unknown}


   Skills:
 + Level 3.6 Dodging
 + Level 2.8 Stealth
 + Level 3.9 Spellcasting


You couldn't memorise any spells.
You knew the following spells:

 Your Spells              Type           Power      Damage    Failure   Level
a - Freeze                Ice            100%       1d10      3%          1
b - Frozen Ramparts       Ice            52%        1d8       9%          3
c - Ozocubu's Armour      Ice            26%        N/A       9%          3
d - Summon Ice Beast      Ice/Summ       26%        N/A       30%         4
e - Foxfire               Conj/Fire      68%        2x1d7     3%          1
f - Poisonous Vapours     Pois/Air       34%        N/A       4%          2
Your spell library was empty.

Dungeon Overview and Level Annotations

Branches:
Dungeon (3/15)

Altars:
Dithmenos
Xom


Innate Abilities, Weirdness & Mutations

You are immune to sickness and miasma.
You are immune to poison.
Your flesh is very heat resistant. (rF++)
You are vulnerable to cold. (rC-)
You float through the air rather than walking.
You learn spells naturally, not from books.
Your magical power is your life essence.
You have superior vitality. (+4 MHP)


Message History

Unknown command.
Casting: Freeze (safe; 3% risk of failure)
Confirm with . or Enter, or press ? or * to list all spells.
The spell is quite dangerous to miscast (10% risk of failure)!
Continue anyway?
Okay, then.
Unknown command.
Casting: Frozen Ramparts (quite dangerous; 10% risk of failure)
Confirm with . or Enter, or press ? or * to list all spells.
The spell is quite dangerous to miscast (10% risk of failure)!
Continue anyway?
Casting: Frozen Ramparts (quite dangerous; 10% risk of failure)
Press: ? - help, Dir - look around, f - activate You feel a surge of power!
The walls around you are covered in ice.
The wall freezes the orc priest but does no damage.
The wall freezes the orc.
The orc closely misses you.
The wall freezes the orc priest.
The orc priest misses you.
You hit the orc priest. You drain the orc priest.
You kill the orc priest!
The wall freezes the orc priest but does no damage.
The orc priest barely misses you.
The wall freezes the orc.
The orc barely misses you.
You have reached level 5!
The power to cast Poisonous Vapours wells up from within.
Spell assigned to 'f'.
You hit the orc.
You kill the orc!
The wall freezes the orc priest but does no damage.
The orc priest looks encouraged for a moment.
Unknown command.
You hit the orc priest.
The orc priest is moderately wounded.
The wall freezes the orc priest but does no damage.
The orc priest mumbles some strange prayers to Beogh against you.
Beogh smites you!
You hit the orc priest but do no damage.
The orc priest is moderately wounded.
The wall freezes the orc priest but does no damage.
The orc priest calls down the wrath of Beogh upon you.
Beogh smites you!
You die...

#### ##...
###### ...# #
.....#
.#####..###.###
####.#
.......)o......
#.# # #....@)#
####.# #.
#.##..## ..##.#
#..##.##..#
#.##.#
#..(......###.#
.....#
#.............#
.....#
###.....#######
.....# #.###.#
.....# #. #.#
.....# #.###.#


You could see an orc priest.

Vanquished Creatures
  An orc priest (D:3)
  3 adders
  A dart slug (D:1)
  An orc (D:3)
  8 ball pythons
  5 endoplasms
  4 giant cockroaches
  6 hobgoblins
  A quokka (D:2)
  10 bats
  2 frilled lizards (D:1)
  6 goblins
  2 kobolds
  9 rats
59 creatures vanquished.

Notes
Turn   | Place    | Note
-------+----------+-------------------------------------------
     0 | D:1      | Zonian the Djinni Ice Elementalist began the quest for the
                  | Orb.
     0 | D:1      | Zonian set off with the following spells memorised: Freeze,
                  | Frozen Ramparts, Ozocubu's Armour, Summon Ice Beast.
     0 | D:1      | Reached XP level 1. HP: 15/15 MP: 0/0
    91 | D:1      | Reached XP level 2. HP: 11/21 MP: 0/0
   729 | D:1      | Reached XP level 3. HP: 21/25 MP: 0/0
   729 | D:1      | Learned a level 1 spell: Foxfire
  1341 | D:2      | Reached XP level 4. HP: 29/31 MP: 0/0
  1512 | D:2      | Identified the +3 short sword "Ogreslayer" {drain, Contam
                  | Fly rPois}
  2148 | D:3      | Found a shadowy altar of Dithmenos.
  2203 | D:3      | Found a shimmering altar of Xom.
  2384 | D:3      | Reached XP level 5. HP: 20/35 MP: 0/0
  2384 | D:3      | Learned a level 2 spell: Poisonous Vapours
  2386 | D:3      | Killed from afar by an orc priest

Illustrated notes

Levels and vault maps discovered:
D:1:      elethiomel_arrival_quiet, layout_loops_cross
D:2:      layout_loops_corners
D:3:      layout_loops_corners, nicolae_dithmenos_the_darkroom,
          overflow_temple_1_default, lemuel_flame_loot_1

Skill      XL: |  1  2  3 |
---------------+----------+-----
Stealth        | 2 |  2.8
Dodging        | 3 |  3.6
Spellcasting   | |  3.9

Action                   |  1- 3 |  4- 6 || total
-------------------------+-------+-------++-------
Melee: Short sword       |    30 |    41 ||    71
       Unarmed           |     2 |       ||     2
       Dagger            |    14 |     9 ||    23
 Cast: Freeze            |    42 |     7 ||    49
       Frozen Ramparts   |       |     1 ||     1
  Use: Scroll            |       |     4 ||     4
 Stab: Sleeping          |     1 |     4 ||     5
Armor: Robe              |    16 |     8 ||    24
Dodge: Dodged            |    53 |    45 ||    98

Table legend: (Time is in decaauts)
 A = Elapsed time spent in this place.
 B = Non-inter-level travel time spent in this place.
 C = Inter-level travel time spent in this place.
 D = Time resting spent in this place.
 E = Time spent auto-exploring this place.
 F = Levels seen in this place.
 G = Mean time per level.
                   A        B        C        D        E       F      G
               +--------+--------+--------+--------+--------+-----+--------+
         Total |   2383 |   2343 |     40 |    349 |   1608 |   3 |  794.3 |
       Dungeon |   2383 |   2343 |     40 |    349 |   1608 |   3 |  794.3 |
               +--------+--------+--------+--------+--------+-----+--------+

Top non-repeatable levels by time:
     D:1: 1069 daAuts
     D:2: 892 daAuts
     D:3: 421 daAuts
